 Dungeon Crawl Stone Soup version 0.17-a0-1485-g22cb0ee (webtiles) character file.

1421 emikaela the Skirmisher (level 8, -2/60 HPs)
             Began as an Octopode Wanderer on July 5, 2015.
             Slain by Oddysee's ghost (13 damage)
             ... on level 5 of the Dungeon.
             The game lasted 00:20:45 (5830 turns).

emikaela the Skirmisher (Octopode Wanderer)         Turns: 5830, Time: 00:20:45

Health: -2/60      AC:  1    Str: 10    XL:     8   Next: 72%
Magic:  9/9        EV: 14    Int: 21    God:
Gold:   264        SH:  0    Dex: 12    Spells: 0 memorised, 9 levels left

rFire  . . .     SeeInvis .     b - +3 quarterstaff (chaos)
rCold  . . .     Clarity  .     (no shield)
rNeg   . . .     SustAt   .     (helmet restricted)
rPois  .         Gourm    .     (no amulet)
rElec  +         Spirit   .     q - ring of protection from magic
rCorr  .         Warding  .     D - ring of the Gloaming {rElec Int+4 Stlth+}
rMut   .         Stasis   .     E - ring of wizardry
MR     +....                    (no ring)
Stlth  +++++.....               (no ring)
                                (no ring)
                                (no ring)
                                (no ring)

@: drained, somewhat resistant to hostile enchantments, quite stealthy
A: almost no armour, amphibious, 8 rings, constrict 8, camouflage 1, gelatinous
body 1
a: no special abilities


You were on level 5 of the Dungeon.
You were hungry.

You visited 1 branch of the dungeon, and saw 5 of its levels.

You collected 264 gold pieces.

Inventory:

Hand weapons
 a - a +4 hand crossbow
 b - a +3 quarterstaff of chaos (weapon)
 w - a +0 shortbow
 I - a +0 blowgun
Missiles
 d - 60 arrows
 i - 27 arrows of frost
 j - 9 arrows of dispersal
 m - 129 stones (quivered)
 v - 2 needles of sleeping
 G - 7 poisoned needles
 H - 18 sling bullets
Jewellery
 q - a ring of protection from magic (left tentacle)
 D - the ring of the Gloaming (right tentacle) {rElec Int+4 Stlth+}
   (You found it on level 4 of the Dungeon)

   [ring of stealth]

   It affects your intelligence (+4).
   It insulates you from electricity.
   It makes you more stealthy.
 E - a ring of wizardry (on tentacle)
Magical devices
 A - a wand of fire (15)
Scrolls
 e - 2 scrolls of teleportation
 g - 2 scrolls of fog
 h - a scroll of recharging
 n - a scroll of enchant armour {unknown}
 p - a scroll of fear {unknown}
 u - a scroll of random uselessness {unknown}
 y - a scroll of amnesia {unknown}
 z - a scroll of remove curse {unknown}
Potions
 o - a potion of cure mutation
 x - a potion of curing
 C - 2 potions of resistance
Comestibles
 f - 3 bread rations
 r - 2 slices of pizza
 s - 8 fruits
 t - 2 meat rations
 B - a beef jerky


   Skills:
 + Level 7.1(6.5) Fighting
 - Level 3.6(3.0) Crossbows
 + Level 6.1(5.5) Dodging
 - Level 6.0(5.4) Stealth
 - Level 1.0(0.4) Spellcasting
   Level 2.4(1.8) Poison Magic
 - Level 1.1(0.5) Evocations


You had 9 spell levels left.
You didn't know any spells.

Dungeon Overview and Level Annotations

Branches:
Dungeon (5/15)
 Temple: D:4-7

Altars:

Annotations:
D:5 Oddysee's ghost, experienced DrAK


Innate Abilities, Weirdness & Mutations

You cannot wear most types of armour.
You are amphibious.
You can wear up to eight rings at the same time.
You can use your tentacles to constrict eight enemies at once.
Your skin changes colour to match your surroundings (Stealth).
Your rubbery body absorbs attacks (AC +1).


Message History

Aim: Oddysee's ghost (severely damaged)
You shoot a bolt.
The bolt closely misses Oddysee's ghost.
Oddysee's ghost barely misses you.
It is briefly surrounded by a scintillating aura of random colours.
b - a +3 quarterstaff of chaos (weapon)
Oddysee's ghost hits you!
* * * LOW HITPOINT WARNING * * *
You are too injured to fight recklessly!
You hit Oddysee's ghost. You burn Oddysee's ghost.
Oddysee's ghost is almost destroyed.
Oddysee's ghost barely misses you.
You hit Oddysee's ghost but do no damage.
You hear an indistinct dissonance whispering inside your mind.
Oddysee's ghost is almost destroyed.
Oddysee's ghost hits you but does no damage.
You hit Oddysee's ghost.
Oddysee's ghost is almost destroyed.
Oddysee's ghost closely misses you. Oddysee's ghost hits you!
You die...

# #.###.......##.##.####....)
#.#.###...............######.
#.#..##.......##.##.#.# #.
#.##.##.#####.##.##[#.# #.
#.........#.<>......# # #.
#...#####.#.####..#.# #.
#.#.# #.#.# #..#.# #. #.#.#
#.#.##....((. ## #.#.#
#.#.@W(.((### ##.
#...#####.#.......# #######..
###...............# #........
##########.....## #.####...
#.....# #.####.#. #######
#........ #...##.#.
##......## #......###


You could see Oddysee's ghost.

Vanquished Creatures
  3 phantoms
  The ghost of emiel the Changer, an average NaWn (D:3)
  2 sky beasts (D:5)
  A giant frog (D:4)
  An elf zombie (D:4)
  A gnoll sergeant (D:5)
  2 elf skeletons (D:4)
  A scorpion (D:4)
  A hound (D:4)
  A crimson imp (D:5)
  A human zombie (D:4)
  Crazy Yiuf (D:2)
  A centaur skeleton (D:4)
  2 giant frog zombies (D:5)
  An orc priest (D:4)
  2 human skeletons (D:4)
  2 worker ants
  9 gnolls
  3 adders
  2 adder skeletons (D:4)
  2 worms
  A giant gecko (D:5)
  7 orcs
  A bat skeleton (D:5)
  11 goblins
  10 hobgoblins
  3 jackals (D:5)
  12 kobolds
  A quokka (D:4)
  2 ball pythons
  7 bats
  A giant cockroach (D:2)
  5 giant newts
  A quokka skeleton (D:4)
  A quokka zombie (D:5)
  9 rats
112 creatures vanquished.

Notes
Turn   | Place    | Note
--------------------------------------------------------------
     0 | D:1      | emikaela the Octopode Wanderer began the quest for the Orb.
     0 | D:1      | emikaela set off with: a +2 hand crossbow, 26 bolts, a +0 shortbow, 24 arrows, a scroll of teleportation, a bread ration
     0 | D:1      | Reached XP level 1. HP: 16/16 MP: 2/2
   150 | D:1      | Reached XP level 2. HP: 15/21 MP: 3/3
   265 | D:1      | Reached skill level 1 in Dodging
   925 | D:2      | Reached XP level 3. HP: 13/27 MP: 4/4
  1383 | D:2      | Noticed Crazy Yiuf
  1389 | D:2      | Killed Crazy Yiuf
  1389 | D:2      | Reached skill level 4 in Fighting
  1389 | D:2      | Reached XP level 4. HP: 26/33 MP: 5/5
  1943 | D:3      | Noticed emiel's ghost (average NaWn)
  1991 | D:3      | Killed emiel's ghost
  1991 | D:3      | Reached XP level 5. HP: 33/38 MP: 6/6
  2431 | D:4      | Reached XP level 6. HP: 37/45 MP: 7/7
  2492 | D:4      | Reached skill level 5 in Fighting
  3100 | D:4      | Reached XP level 7. HP: 42/50 MP: 8/8
  3165 | D:4      | Got a vibrating gossamer ring
  3166 | D:4      | Identified the ring of the Gloaming {rElec Int+4 Stlth+} (You found it on level 4 of the Dungeon)
  3234 | D:4      | Reached skill level 5 in Stealth
  3951 | D:4      | Reached skill level 6 in Stealth
  4280 | D:5      | Entered Level 5 of the Dungeon
  4288 | D:5      | Reached XP level 8. HP: 57/57 MP: 9/9
  4356 | D:5      | Noticed Oddysee's ghost (experienced DrAK)
  4373 | D:5      | Reached skill level 5 in Dodging
  5367 | D:5      | Reached skill level 7 in Fighting
  5372 | D:5      | HP: 2/60 [gnoll/club (3)]
  5383 | D:5      | Gained mutation: You are frail (-10% HP). [mutagenic meat]
  5384 | D:5      | Lost mutation: You are frail (-10% HP). [potion of cure mutation]
  5830 | D:5      | Slain by Oddysee's ghost

Vault maps used:
D:1:      dpeg_arrival_long_road, serial_bayou_pond_e, nrook_mini_backslash
D:2:      uniq_crazy_yiuf_cottage
D:3:      serial_aquarium, aquarium_bridge_square, aquarium_window_1,
          aquarium_window_fake, aquarium_window_1, aquarium_window_fake,
          aquarium_view_2e, aquarium_pool_four, minmay_misc_feat_square,
          kennysheep_generic_room_12
D:4:      first_bread, nicolae_ossuary_entry_catacombs

Action                   |  1- 3 |  4- 6 |  7- 9 || total
-------------------------+-------+-------+-------++-------
Melee: Quarterstaff      |       |    43 |    58 ||   101
 Fire: Hand crossbow     |    18 |    44 |   123 ||   185
       Shortbow          |    61 |       |    26 ||    87
       Blowgun           |       |       |     9 ||     9
Throw: Stone             |       |       |     1 ||     1
  Use: Scroll            |       |     4 |     4 ||     8
       Potion            |       |       |     5 ||     5
 Stab: Sleeping          |       |     4 |     8 ||    12
       Petrifying        |       |     1 |       ||     1
       Distracted        |       |       |     1 ||     1
  Eat: Chunk             |     1 |     4 |     9 ||    14
       Pizza             |       |     1 |       ||     1
